Map: Snowbound Colony

Players

Raynar - Winner!

  • Race: Protoss Protoss
  • Spawn Location: 7:00

SlushyStar - Winner!

  • Race: Terran Terran
  • Spawn Location: 7:00

Throwfordays - Winner!

  • Race: Zerg Zerg
  • League: Silver
  • Spawn Location: 6:00

VOD

Have the link to the VOD?

Description

Time

  • Played on: April 26, 2019, 3:15 p.m.
  • Length: 47:11
Show
View Real Time Build Order
Export as new Build Order

Raynar Protoss - Winner!

Build Orders:  

Get SALT Encoding   

  1  0:00  Probe (Chrono Boost)  
  12  0:09  Probe (Chrono Boost)  
  14  0:27  Pylon  
  14  0:34  Probe (Chrono Boost)  
  15  0:52  Forge  
  15  0:56  Probe (Chrono Boost)  
  16  1:13  Probe (Chrono Boost)  
  17  1:25  Probe (Chrono Boost)  
  18  1:36  Probe (Chrono Boost)  
  19  1:50  Probe (Chrono Boost)  
  19  1:52  Pylon  
  20  2:07  Probe (Chrono Boost)  
  21  2:14  Assimilator  
  21  2:20  Gateway  
  21  2:24  Probe (Chrono Boost)  
  21  2:28  Photon Cannon  
  22  2:59  Pylon  
  22  3:37  Pylon  
  22  3:52  Pylon  
  22  4:20  Photon Cannon  
  22  4:31  Cybernetics Core  
  22  4:35  Pylon  
  22  4:48  Photon Cannon  
  22  4:59  Photon Cannon x2  
  22  5:08  Pylon  
  22  5:46  Photon Cannon  
  22  5:59  Pylon  
  22  6:21  Pylon  
  22  6:27  Photon Cannon  
  22  6:28  Photon Cannon  
  22  6:31  Shield Battery  
  22  6:35  Shield Battery  
  22  6:58  Photon Cannon  
  22  7:06  Nexus, Photon Cannon  
  22  7:07  Shield Battery  
  22  7:11  Photon Cannon  
  21  7:24  Probe (Chrono Boost)  
  22  7:35  Probe (Chrono Boost)  
  23  7:47  Probe (Chrono Boost)  
  24  8:03  Probe (Chrono Boost)  
  26  8:20  Pylon, Probe (Chrono Boost)  
  26  8:26  Shield Battery  
  26  8:29  Photon Cannon  
  26  8:37  Probe (Chrono Boost)  
  26  8:38  Photon Cannon  
  27  8:43  Photon Cannon  
  27  8:44  Photon Cannon  
  27  8:47  Shield Battery  
  27  8:54  Probe (Chrono Boost)  
  28  9:17  Pylon  
  28  9:59  Pylon  
  28  10:15  Probe (Chrono Boost)  
  28  10:18  Probe (Chrono Boost)  
  29  10:20  Protoss Ground Weapons Level 1  
  29  10:26  Probe (Chrono Boost)  
  29  10:29  Probe (Chrono Boost)  
  31  10:36  Gateway  
  31  10:38  Gateway, Probe (Chrono Boost)  
  32  10:40  Gateway  
  32  10:42  Probe (Chrono Boost)  
  32  10:43  Gateway  
  32  10:47  Pylon  
  32  10:48  Pylon  
  34  10:51  Photon Cannon  
  34  10:52  Photon Cannon  
  34  10:55  Probe (Chrono Boost)  
  34  10:59  Probe (Chrono Boost)  
  36  11:12  Probe (Chrono Boost)  
  36  11:16  Probe (Chrono Boost)  
  36  11:18  Shield Battery  
  38  11:45  Nexus  
  38  11:47  Photon Cannon  
  38  11:52  Shield Battery  
  38  12:19  Pylon  
  38  12:22  Probe (Chrono Boost)  
  38  12:24  Probe (Chrono Boost)  
  40  12:33  Probe (Chrono Boost)  
  41  12:47  Probe (Chrono Boost)  
  41  12:49  Pylon  
  42  12:51  Pylon  
  42  12:53  Pylon  
  42  13:00  Assimilator  
  42  13:03  Probe (Chrono Boost)  
  42  13:04  Protoss Ground Armor Level 1, Probe (Chrono Boost)  
  46  13:20  Probe (Chrono Boost)  
  46  13:21  Probe (Chrono Boost)  
  46  13:22  Photon Cannon  
  46  13:24  Shield Battery  
  46  13:27  Photon Cannon  
  46  13:34  Warp Gate  
  46  13:37  Probe (Chrono Boost)  
  46  13:38  Probe (Chrono Boost)  
  48  13:55  Probe (Chrono Boost)  
  48  13:58  Photon Cannon  
  48  13:59  Shield Battery  
  49  14:01  Probe (Chrono Boost)  
  50  14:12  Probe (Chrono Boost)  
  50  14:15  Probe (Chrono Boost)  
  52  14:26  Probe (Chrono Boost)  
  53  14:32  Probe (Chrono Boost)  
  54  14:40  Assimilator  
  54  14:43  Probe (Chrono Boost)  
  54  14:45  Twilight Council  
  54  14:48  Pylon  
  55  14:54  Robotics Facility  
  55  14:57  Pylon  
  55  14:58  Gateway  
  91  15:00  Probe (Chrono Boost)  
  56  15:10  Photon Cannon  
  56  15:11  Photon Cannon  
  56  15:12  Photon Cannon  
  56  15:15  Shield Battery  
  56  15:31  Shield Battery  
  56  15:39  Photon Cannon  
  56  15:48  Warp Prism  
  56  15:55  Pylon  
  58  16:10  Protoss Ground Weapons Level 2  
  58  16:18  Probe (Chrono Boost)  
  58  16:29  Probe (Chrono Boost)  
  59  16:37  Pylon  
  60  16:41  Photon Cannon  
  60  16:43  Photon Cannon, Probe (Chrono Boost)  
  60  16:46  Photon Cannon  
  60  16:49  Shield Battery  
  61  16:50  Shield Battery  
  61  16:59  Photon Cannon  
  62  17:00  Probe (Chrono Boost)  
  62  17:02  Photon Cannon  
  61  17:19  Charge  
  61  18:01  Zealot x2  
  61  18:02  Zealot  
  61  18:03  Zealot  
  61  18:09  Stalker  
  71  18:12  Unknown  
  71  18:19  Photon Cannon  
  61  18:42  Immortal  
  65  19:26  Immortal  
  65  19:29  Zealot x2  
  69  19:30  Zealot x3  
  79  19:51  Protoss Ground Weapons Level 3  
  79  19:55  Unknown  
  71  20:07  Blink  
  69  20:10  Stalker x2  
  69  20:11  Stalker x3, Warp Prism  
  81  20:52  Observer  
  81  21:06  Gateway  
  81  21:07  Gateway  
  81  21:09  Pylon x2  
  82  21:12  Pylon  
  82  21:14  Pylon  
  82  21:27  Stalker x2  
  82  21:28  Stalker x3  
  92  22:04  Zealot x4  
  92  22:05  Zealot  
  98  22:43  Unknown  
  92  22:54  Zealot x4  
  92  22:55  Zealot x3  
  92  23:40  Stalker x4  
  92  23:41  Stalker x3  
  92  23:48  Protoss Ground Armor Level 2  
  70  25:03  Zealot x4  
  70  25:04  Zealot x3  
  84  25:13  Gateway  
  84  25:17  Robotics Facility  
  84  25:18  Robotics Bay  
  78  25:26  Gateway  
  78  25:29  Gateway x2  
  59  25:53  Gateway  
  59  26:01  Warp Prism  
  58  26:16  Nexus  
  58  26:17  Immortal  
  60  26:27  Nexus  
  64  26:48  Immortal  
  64  26:54  Probe (Chrono Boost)  
  64  26:58  Assimilator  
  69  27:04  Protoss Shields Level 1, Extended Thermal Lance  
  69  27:05  Probe (Chrono Boost)  
  70  27:12  Immortal  
  70  27:19  Probe (Chrono Boost)  
  75  27:27  Sentry x2  
  75  27:28  Sentry x2  
  79  27:35  Immortal  
  75  27:40  Zealot  
  75  27:41  Zealot x3  
  75  27:42  Zealot x4  
  95  27:53  Warp Prism  
  95  28:24  Colossus  
  101  28:42  Colossus  
  101  28:44  Probe (Chrono Boost)  
  101  28:46  Probe (Chrono Boost)  
  109  28:53  Zealot x4  
  109  28:54  Zealot x4  
  109  28:55  Zealot x4  
  134  29:01  Probe (Chrono Boost)  
  134  29:03  Probe (Chrono Boost)  
  135  29:17  Probe (Chrono Boost)  
  137  29:20  Probe (Chrono Boost)  
  137  29:24  Sentry x3  
  137  29:25  Sentry x2  
  147  29:34  Probe (Chrono Boost)  
  147  29:37  Probe (Chrono Boost)  
  147  29:39  Immortal  
  153  29:48  Assimilator  
  154  29:50  Probe (Chrono Boost)  
  154  29:55  Assimilator  
  154  29:57  Immortal  
  158  30:01  Probe (Chrono Boost)  
  159  30:11  Assimilator  
  159  30:13  Probe (Chrono Boost)  
  159  30:14  Probe (Chrono Boost)  
  159  30:16  Probe (Chrono Boost)  
  159  30:17  Assimilator  
  162  30:25  Assimilator  
  162  30:28  Probe (Chrono Boost)  
  162  30:32  Probe (Chrono Boost)  
  162  30:33  Assimilator, Probe (Chrono Boost)  
  151  30:45  Probe (Chrono Boost)  
  151  30:49  Probe (Chrono Boost)  
  152  30:50  Probe (Chrono Boost)  
  152  31:02  Pylon  
  152  31:03  Pylon  
  152  31:06  Pylon  
  152  31:08  Pylon  
  152  31:18  Stalker x3  
  152  31:19  Stalker x2  
  162  31:26  Pylon  
  162  31:28  Pylon  
  152  31:31  Pylon  
  152  31:33  Pylon  
  152  31:35  Pylon  
  152  31:38  Pylon  
  152  31:40  Pylon  
  152  31:53  Zealot x2  
  152  31:54  Zealot x4  
  152  31:56  Stalker  
  152  31:57  Stalker x4  
  152  31:58  Unknown, Stalker  
  176  32:15  Unknown  
  124  32:41  Zealot x4  
  124  32:42  Zealot x3  
  124  32:43  Zealot x4  
  130  32:55  Unknown  
  84  33:15  Immortal x2  
  84  33:25  Protoss Ground Armor Level 3  
  92  34:06  Probe (Chrono Boost)  
  92  34:09  Stalker, Immortal  
  96  34:10  Stalker x4, Immortal  
  96  34:11  Stalker x4  
  96  34:12  Stalker x2  
  96  34:13  Stalker  
  126  34:23  Probe (Chrono Boost)  
  127  34:33  Probe (Chrono Boost)  
  127  34:39  Probe (Chrono Boost)  
  129  34:50  Probe (Chrono Boost)  
  129  34:52  Immortal  
  129  34:53  Immortal  
  129  34:57  Sentry x3  
  129  34:58  Sentry x3  
  141  35:00  Zealot x4  
  141  35:01  Zealot x2  
  141  35:07  Probe (Chrono Boost)  
  160  35:35  Colossus  
  153  35:46  Colossus  
  162  36:19  Sentry  
  164  36:20  Sentry x2  
  164  36:21  Stalker x2  
  164  36:22  Stalker x4  
  164  36:23  Stalker x3  
  176  37:29  Protoss Shields Level 2  
  176  37:32  Zealot x4  
  176  37:33  Zealot x4  
  176  37:34  Zealot x4  
  192  37:44  Zealot x4  
  166  39:13  Unknown  
  72  40:15  Zealot x3  
  72  40:16  Zealot x4  
  72  40:17  Zealot x4  
  72  40:18  Zealot  
  68  41:02  Protoss Shields Level 3  
  68  41:14  Zealot x2  
  68  41:15  Zealot x4  
  68  41:16  Zealot x4  
  68  41:17  Zealot x2  
  90  41:33  Immortal x2  
  74  42:14  Immortal, Warp Prism  
  78  42:51  Immortal  
  78  42:55  Immortal  
  78  43:09  Stalker  
  88  43:10  Stalker x3  
  88  43:11  Stalker x3  
  88  43:12  Stalker x3  
  88  43:13  Stalker x2  
  110  43:31  Immortal  
  110  43:36  Immortal  
  110  43:44  Gravitic Drive  
  116  44:07  Stalker x3  
  116  44:08  Stalker  
  116  44:09  Sentry x3  
  128  44:11  Stalker x3  
  134  44:26  Immortal  
  138  44:31  Immortal  
  140  45:21  Immortal  
  140  45:22  Sentry x3  
  140  45:23  Sentry x3  
  140  45:24  Sentry x4  
  140  45:25  Sentry x2  
  140  45:26  Immortal  
  172  46:21  Sentry  
  172  46:22  Sentry x5  
  172  46:23  Sentry x4  
  172  46:24  Sentry x2  
  196  47:03  Sentry x2  
Show
View Real Time Build Order
Export as new Build Order

SlushyStar Terran - Winner!

Build Orders:  

Get SALT Encoding   

  12  0:02  SCV  
  13  0:31  Supply Depot  
  13  0:32  SCV  
  14  0:53  Refinery  
  14  0:56  SCV  
  15  1:12  SCV  
  15  1:16  Barracks  
  16  1:29  SCV  
  17  1:46  SCV  
  18  2:03  SCV  
  19  2:21  SCV  
  19  2:27  Barracks Reactor  
  20  2:38  SCV  
  21  2:56  Factory  
  21  3:14  Supply Depot  
  21  3:17  SCV  
  22  3:33  Refinery  
  22  3:34  SCV  
  23  3:44  Marine x2  
  23  3:46  Supply Depot  
  25  3:50  SCV  
  26  4:06  Factory Tech Lab  
  26  4:07  SCV  
  26  4:09  Marine x2  
  29  4:15  Starport  
  29  4:18  Supply Depot  
  29  4:24  SCV  
  30  4:33  Marine x2  
  32  4:41  SCV  
  33  4:54  Siege Tank  
  33  4:58  Marine x2, SCV  
  39  5:09  Starport Tech Lab  
  39  5:15  SCV  
  40  5:23  Marine x2  
  40  5:24  Engineering Bay  
  42  5:32  SCV  
  43  5:49  SCV  
  44  6:10  Command Center  
  44  6:39  Orbital Command  
  44  6:46  Bunker  
  44  7:30  Bunker  
  44  7:35  Missile Turret  
  44  7:51  SCV  
  45  8:06  Missile Turret  
  45  8:08  SCV  
  46  8:25  SCV  
  47  8:32  Marine  
  47  8:33  Marine  
  47  8:39  Missile Turret  
  49  8:42  SCV  
  50  8:57  Marine  
  50  8:58  Marine  
  50  8:59  SCV  
  53  9:01  Siege Tank  
  53  9:08  Medivac  
  58  9:19  SCV  
  59  9:22  Marine  
  59  9:23  Marine  
  61  9:36  SCV  
  62  10:36  Refinery  
  62  10:40  Refinery  
  62  10:59  Marine x2, SCV, Medivac, Siege Tank  
  70  11:12  Supply Depot  
  70  11:31  Marine x2, SCV  
  73  11:41  Banshee  
  73  11:43  Supply Depot  
  73  11:44  Siege Tank  
  73  11:47  SCV  
  80  11:55  Marine x2  
  82  12:04  SCV  
  83  12:16  Supply Depot  
  83  12:20  Marine x2  
  83  12:21  SCV  
  83  12:29  Siege Tank  
  89  12:41  Banshee  
  89  12:45  Marine x2  
  89  12:46  Supply Depot  
  94  12:54  Terran Infantry Weapons Level 1  
  94  13:00  SCV  
  95  13:10  Marine x2  
  95  13:14  Siege Tank  
  95  13:17  SCV  
  95  13:18  Supply Depot  
  101  13:34  SCV  
  101  13:35  Marine x2  
  104  13:41  Banshee  
  107  13:51  SCV, Supply Depot  
  107  13:59  Siege Tank  
  111  14:08  SCV  
  112  14:11  Unknown  
  112  14:20  Unknown  
  112  14:24  Supply Depot  
  105  14:41  Banshee  
  105  14:44  Siege Tank  
  102  14:54  Supply Depot  
  91  15:29  Siege Tank  
  94  15:34  Terran Infantry Armor Level 1  
  94  15:37  Marine x2  
  96  15:42  Medivac  
  98  16:02  Marine x2  
  100  16:14  Siege Tank  
  103  16:24  Medivac  
  103  16:27  Marine x2  
  107  16:52  Marine x2, SCV  
  107  16:59  Siege Tank  
  113  17:06  Banshee  
  113  17:09  SCV  
  117  17:11  Fusion Core  
  117  17:24  Marine x2  
  117  17:26  SCV  
  120  17:40  Supply Depot  
  120  17:43  SCV  
  120  17:44  Siege Tank  
  120  17:49  Marine x2  
  126  18:00  SCV  
  126  18:06  Medivac  
  129  18:14  Marine x2  
  131  18:29  Siege Tank  
  134  18:34  Siege Tank x4  
  134  18:39  Marine x2  
  136  18:48  Banshee  
  136  18:49  Unknown  
  98  19:14  Siege Tank  
  89  19:48  Medivac  
  91  19:59  Siege Tank  
  94  20:00  Marine x2  
  95  20:25  Marine x2  
  97  20:30  Viking  
  99  20:44  Unknown, Siege Tank  
  102  20:50  Marine x2  
  102  20:53  Unknown  
  104  21:06  Unknown  
  104  21:12  Battlecruiser  
  104  21:15  Marine x2  
  104  21:17  Barracks  
  112  21:29  Siege Tank  
  115  22:14  Siege Tank  
  118  22:35  Barracks Tech Lab  
  118  23:11  Supply Depot  
  118  23:29  Siege Tank x5  
  118  23:42  Supply Depot  
  105  24:13  Supply Depot  
  99  24:33  Siege Tank x2  
  90  24:45  Supply Depot  
  69  25:50  Marauder  
  71  26:20  Marauder  
  71  26:29  Marine x2  
  74  26:35  Siege Tank  
  77  26:40  Battlecruiser  
  81  26:50  Marauder  
  81  26:54  Marine x2  
  81  26:58  Unknown  
  78  27:18  Marine  
  78  27:19  Marine, Siege Tank  
  75  27:20  Marauder  
  67  27:43  Marine  
  67  27:44  Marine  
  67  27:49  Marauder  
  63  28:04  Siege Tank  
  66  28:10  Battlecruiser  
  66  28:19  Marauder  
  74  28:49  Siege Tank, Marauder  
  79  29:17  Marine x2  
  81  29:25  Marauder  
  83  29:34  Siege Tank  
  86  29:40  Battlecruiser  
  86  29:42  Marine x2  
  94  29:54  Armory, Marauder  
  96  30:07  Marine x2  
  98  30:19  Siege Tank  
  101  30:24  Marauder  
  103  30:32  Marine x2  
  105  30:54  Marauder  
  105  30:57  Marine x2  
  109  31:04  Siege Tank  
  112  31:10  Battlecruiser  
  118  31:24  Marauder  
  118  31:28  Marine x2  
  122  31:49  Thor  
  128  31:53  Marine x2  
  128  31:54  Marine  
  131  32:18  Marine x2  
  131  32:19  Marauder  
  135  32:22  Terran Vehicle Weapons Level 1  
  135  32:40  Battlecruiser  
  135  32:43  Marine x2  
  135  32:49  Thor, Marauder  
  151  33:30  Unknown  
  151  33:38  Weapon Refit  
  151  33:48  Unknown  
  121  34:10  Banshee  
  85  35:23  Marine x2  
  85  35:28  Marauder  
  89  35:47  Marine  
  89  35:48  Marine  
  91  35:58  Marauder  
  93  36:12  Marine  
  93  36:13  Marine  
  95  36:28  Marauder  
  95  36:37  Marine  
  95  36:38  Marine  
  81  36:58  Marauder  
  48  38:28  Marine x2  
  56  38:53  Marine x2  
  56  38:56  Marine  
  59  39:03  Thor  
  59  39:18  Marine x2  
  61  39:21  Marine  
  62  39:43  Marine x2  
  62  39:44  Battlecruiser  
  62  39:46  Marine  
  71  40:03  Thor  
  71  40:08  Marine x2  
  79  40:11  Marine  
  80  40:26  Barracks  
  80  40:33  Marine x2  
  80  40:36  Marine  
  83  40:58  Marine x2  
  85  41:01  Marine  
  85  41:03  Thor  
  92  41:14  Battlecruiser  
  98  41:23  Marine x2  
  98  41:26  Marine  
  87  41:48  Marine x2  
  89  41:51  Marine  
  90  42:03  Siege Tank  
  93  42:13  Marine x2  
  93  42:16  Marine  
  96  42:37  Marine  
  96  42:38  Marine  
  98  42:41  Marine  
  98  42:43  Battlecruiser  
  98  42:48  Hellion  
  107  42:55  Marine  
  108  43:02  Marine  
  108  43:03  Marine  
  108  43:06  Marine  
  111  43:18  Hellion  
  111  43:19  Marine  
  113  43:27  Marine  
  113  43:28  Marine  
  116  43:31  Marine  
  117  43:44  Marine  
  117  43:48  Hellion  
  120  43:52  Marine  
  120  43:53  Marine  
  120  43:56  Marine  
  124  44:13  Battlecruiser  
  124  44:14  Unknown  
  124  44:17  Marine  
  124  44:18  Marine, Hellion  
  134  44:20  Marine  
  135  44:39  Marine  
  135  44:42  Marine x2  
  135  44:45  Marine  
  135  44:48  Hellion  
  140  45:04  Marine  
  140  45:07  Marine x2  
  143  45:10  Marine  
  143  45:18  Hellion  
  146  45:29  Marine  
  147  45:32  Marine x2  
  147  45:35  Marine  
  150  45:48  Hellion  
  152  45:54  Marine  
  152  45:57  Marine x2  
  155  46:00  Marine  
  156  46:18  Hellion  
  156  46:19  Marine  
Show
View Real Time Build Order
Export as new Build Order

Throwfordays Zerg - Winner!

Build Orders:  

Get SALT Encoding   

  12  0:02  Drone  
  13  0:16  Drone  
  14  0:26  Overlord  
  14  0:42  Extractor  
  14  0:43  Extractor  
  14  0:44  Drone  
  14  0:45  Drone  
  15  0:54  Drone  
  17  1:20  Hatchery  
  16  1:38  Spawning Pool  
  15  1:42  Drone  
  15  1:46  Drone  
  17  1:52  Drone  
  17  1:57  Extractor  
  17  2:33  Drone x2  
  19  2:40  Drone  
  19  2:44  Queen  
  19  2:49  Extractor  
  21  2:52  Overlord  
  21  3:11  Drone  
  21  3:13  Queen  
  24  3:21  Drone x2  
  24  3:24  Drone  
  27  3:40  Drone  
  27  3:45  Drone  
  27  3:49  Drone  
  30  3:54  Overlord  
  30  4:12  Drone  
  30  4:16  Drone  
  30  4:19  Drone  
  33  4:21  Zergling x2  
  33  4:22  Zergling x2  
  35  4:30  Drone  
  36  4:45  Lair  
  36  4:46  Baneling Nest, Roach Warren  
  36  4:47  Metabolic Boost  
  36  4:48  Drone x2  
  36  4:53  Drone  
  36  4:56  Drone  
  38  5:01  Drone  
  38  5:02  Drone  
  38  5:05  Drone  
  41  5:15  Evolution Chamber  
  41  5:18  Evolution Chamber  
  39  5:20  Drone  
  39  5:24  Drone x2  
  39  5:28  Drone  
  43  5:39  Extractor  
  42  5:43  Extractor  
  42  5:44  Drone x3  
  42  5:48  Overlord  
  44  5:52  Overlord  
  44  5:55  Overlord  
  44  6:13  Zerg Melee Weapons Level 1  
  44  6:14  Zerg Missile Weapons Level 1  
  44  6:17  Glial Reconstitution  
  44  6:19  Centrifical Hooks  
  44  6:25  Zergling x2  
  44  6:26  Zergling x4  
  44  6:29  Zergling x2  
  48  6:39  Drone  
  49  6:41  Drone x2  
  49  6:42  Drone  
  49  6:46  Drone  
  49  6:47  Drone  
  54  6:53  Roach x2  
  54  6:54  Roach  
  60  7:01  Baneling  
  60  7:02  Baneling x3  
  60  7:06  Baneling  
  60  7:16  Zergling x6  
  60  7:17  Zergling x4  
  65  7:21  Drone  
  66  7:40  Roach  
  66  7:49  Overlord x2  
  68  7:53  Overlord  
  68  8:18  Roach x2  
  72  8:34  Roach x2  
  72  8:35  Roach x2  
  80  8:44  Hatchery  
  79  9:17  Roach x5  
  79  9:18  Roach  
  91  9:22  Zerg Missile Weapons Level 2  
  91  9:23  Zerg Ground Armor Level 1  
  91  9:28  Overlord x4  
  91  9:34  Tunneling Claws  
  91  9:44  Drone  
  92  9:51  Pneumatized Carapace  
  90  10:29  Baneling x4  
  64  10:30  Baneling x5  
  90  10:35  Queen  
  90  10:36  Drone  
  93  10:43  Drone x4  
  93  10:44  Drone x4  
  101  10:51  Drone x4  
  101  10:52  Drone x2  
  107  11:06  Infestation Pit  
  106  11:16  Drone x2  
  106  11:17  Drone  
  109  11:24  Extractor  
  109  11:29  Extractor  
  107  11:41  Zergling x4  
  107  11:42  Zergling x6  
  107  11:48  Zergling x6  
  107  11:49  Zergling x4  
  117  12:00  Drone x2  
  117  12:03  Drone  
  117  12:07  Drone  
  121  12:38  Hatchery  
  120  12:43  Roach  
  120  12:44  Roach x4  
  130  12:53  Overlord x2  
  130  12:54  Overlord x3  
  87  13:44  Zerg Melee Weapons Level 2, Zerg Ground Armor Level 2  
  83  13:55  Roach x2  
  83  13:56  Roach x3  
  93  14:00  Roach x5  
  93  14:01  Roach  
  93  14:07  Roach x3  
  93  14:08  Roach x4  
  115  14:19  Queen  
  117  14:21  Hive  
  117  14:23  Drone  
  118  14:35  Roach x3  
  118  14:36  Roach  
  126  14:40  Roach x4  
  126  14:41  Roach x2  
  126  14:49  Drone x4  
  90  14:50  Drone  
  143  15:08  Drone x2  
  143  15:09  Drone  
  146  15:15  Extractor  
  146  15:16  Extractor  
  144  15:23  Roach  
  144  15:24  Roach  
  144  15:27  Roach x5  
  158  15:35  Overlord x3  
  158  15:36  Overlord x3  
  158  15:38  Overseer  
  102  18:20  Drone  
  102  18:21  Drone  
  102  18:27  Swarm Host x3  
  113  18:32  Swarm Host x4  
  113  18:33  Swarm Host x5  
  113  18:39  Swarm Host  
  143  18:40  Swarm Host x3  
  143  18:45  Swarm Host x3  
  143  18:46  Swarm Host x2  
  167  18:54  Nydus Network  
  166  19:04  Zerg Missile Weapons Level 3  
  166  19:05  Zerg Ground Armor Level 3  
  166  19:06  Spire  
  165  19:10  Drone x3  
  146  20:08  Nydus Canal  
  144  20:24  Adrenal Overload  
  144  20:31  Nydus Canal  
  144  20:48  Nydus Canal  
  144  21:56  Overseer x2  
  144  22:36  Hatchery  
  143  22:54  Nydus Canal  
  143  23:07  Zerg Flyer Weapons Level 1  
  143  23:10  Zerg Melee Weapons Level 3  
  143  25:32  Nydus Canal  
  143  26:14  Mutalisk x3  
  143  26:15  Mutalisk x6  
  143  26:18  Zerg Flyer Weapons Level 2  
  161  26:20  Mutalisk  
  161  26:21  Mutalisk x4  
  161  26:22  Mutalisk x4  
  179  26:32  Mutalisk x3  
  179  26:33  Mutalisk x4  
  193  26:41  Queen  
  195  26:51  Nydus Canal  
  180  28:19  Mutalisk x3  
  186  28:20  Mutalisk x2  
  186  28:24  Mutalisk  
  186  28:25  Mutalisk x4  
  200  28:33  Spire  
  199  28:41  Evolution Chamber  
  199  28:45  Queen  
  200  28:57  Extractor  
  199  29:03  Extractor  
  198  30:04  Zerg Flyer Weapons Level 3  
  170  33:14  Mutalisk x2  
  170  33:15  Mutalisk x4  
  170  33:18  Mutalisk x3  
  170  33:19  Mutalisk x5  
  201  33:20  Mutalisk  
  198  33:27  Zerg Flyer Armor Level 1  
  145  35:45  Mutalisk  
  145  35:46  Mutalisk x4  
  155  35:53  Mutalisk x4  
  163  36:00  Mutalisk x4  
  163  36:01  Mutalisk x5  
  163  36:02  Mutalisk x2  
  163  36:07  Mutalisk x4  
  163  36:08  Mutalisk x3  
  199  36:14  Zerg Flyer Armor Level 2  
  170  37:40  Corruptor x4  
  170  37:41  Corruptor x5  
  170  37:42  Corruptor x3  
  194  38:31  Greater Spire  
  194  40:12  Brood Lord x3  
  188  40:50  Brood Lord x6  
  188  40:51  Brood Lord  
  188  40:52  Brood Lord  
  200  41:02  Nydus Canal  
  191  42:12  Brood Lord  
Tags
 
League
Silver
Matchup
Co-op
Replay Pack
Multiplayer
Add a new tag
Caveats
  • Supply blocks, unpowered buildings, or Contaminate may cause inaccurate times.
  • Supply counts are checked every 10 seconds.